Coyotes vs Maple Leafs

Created - March 4, 2020 at 22:49

Goals
1 2 3 T
Coyotes 0 0 1 1
Maple Leafs 3 3 1 7
Shots
1 2 3 T
Coyotes 8 12 7 27
Maple Leafs 13 14 10 37

1st period

1. Maple Leafs , Brayden Schenn 15 (Ben Smith 19, Kyle Clifford 20) at 13:18 (PP)
2. Maple Leafs , Beau Bennett 6 (Eric Nystrom 10) at 18:01
3. Maple Leafs , Patrick Kane 40 (Jordan Staal 32) at 18:35

Penalties :
Beau Bennett (Tor) for Roughing (Minor) at 4:13, Brad Richards (Ari) for Cross-checking (Minor) at 11:26, Anton Stralman (Ari) for Roughing (Minor) at 15:16

2nd period

4. Maple Leafs , Patrick Kane 41 (Jordan Staal 33) at 7:49 (PP)
5. Maple Leafs , Taylor Hall 13 (John Klingberg 19, Kevin Shattenkirk 32) at 8:24
6. Maple Leafs , Patrick Kane 42 (Hampus Lindholm 19) at 8:40

Penalties :
Ben Smith (Tor) for Hooking (Minor) at 3:13, Brad Richards (Ari) for Holding (Minor) at 7:45, Jamie Arniel (Ari) for Hooking (Minor) at 12:05

3rd period

7. Coyotes , Martin Samuelsson 5 (Matt Donovan 9, Evgeny Artyukhin 5) at 2:01
8. Maple Leafs , Taylor Hall 14 (Kevin Shattenkirk 33) at 11:00

Penalties :
Marc-Édouard Vlasic (Tor) for Tripping (Minor) at 12:01, Hampus Lindholm (Tor) for Interference (Minor) at 15:44, Evgeny Artyukhin (Ari) for Interference (Minor) at 18:03

Goalie Stats

Maxime Daigneault (Ari), 16 saves from 19 shots - (0.842), 32:11 minutes
Thomas McCollum (Ari), 14 saves from 18 shots - (0.778), L, 7-9-2, 27:49 minutes
Tyler Weiman (Tor), 26 saves from 27 shots - (0.963), W, 5-3-1, 60:00 minutes

Players Stats for Coyotes

Player Name              G  A  P  +/- PIM S  H  SB GA TA FO     MP     PP MP  PK MP  
------------------------------------------------------------------------------------
Andrew MacDonald         0  0  0   0  0   0  0  0  0  0  0/0     2:42   0:00   0:07 
Anton Stralman           0  0  0  -4  2   2  1  0  1  1  0/0    25:52   4:38   3:53 
Brad Richards            0  0  0  -2  4   1  2  0  1  1  12/19  19:22   3:25   2:31 
Chris Stewart            0  0  0  -2  0   0  1  0  0  0  1/1    16:55   3:25   0:00 
Evgeny Artyukhin         0  1  1   0  2   1  2  0  0  0  1/1    14:03   0:00   2:12 
Jamie Arniel             0  0  0   0  2   2  0  1  0  1  5/17   15:33   0:11   3:06 
Josh Gorges              0  0  0  -1  0   0  0  1  0  1  0/0    20:51   3:18   2:47 
Kristopher Letang        0  0  0  -3  0   1  0  0  1  1  0/0    29:06   4:38   5:03 
Marian Gaborik           0  0  0  -2  0   4  3  0  1  1  0/0    22:25   4:31   0:00 
Martin Samuelsson        1  0  1   0  0   3  3  0  0  0  0/0    15:50   0:11   4:18 
Matt Donovan             0  1  1   1  0   2  0  0  0  1  0/0     9:53   0:00   0:00 
Michael Del Zotto        0  0  0  -1  0   2  0  0  1  1  0/0    20:42   3:18   2:40 
Nazem Kadri              0  0  0  -2  0   4  2  0  1  1  15/31  19:19   4:20   0:14 
Nick Bonino              0  0  0   0  0   0  0  0  0  0  1/1     4:40   0:00   0:00 
Ramzi Abid               0  0  0   0  0   0  0  0  0  0  0/0     6:20   0:00   1:38 
Thomas Hickey            0  0  0   0  0   0  1  0  0  0  0/0    10:55   0:00   1:10 
Tyler Ennis              0  0  0  -2  0   3  0  0  3  0  1/1    19:05   4:20   0:00 
Zach Parise              0  0  0  -2  0   2  3  0  1  0  0/0    18:32   3:25   1:41 

Players Stats for Maple Leafs

Player Name              G  A  P  +/- PIM S  H  SB GA TA FO     MP     PP MP  PK MP  
------------------------------------------------------------------------------------
Beau Bennett             1  0  1   0  2   2  2  0  0  0  0/0    10:08   0:00   0:00 
Ben Smith                0  1  1   2  2   3  0  1  1  1  1/2    16:35   2:56   1:06 
Blake Comeau             0  0  0   0  0   1  0  0  0  0  0/0     7:27   0:00   0:00 
Brayden Schenn           1  0  1   2  0   2  1  1  0  1  8/16   19:22   2:56   4:08 
Braydon Coburn           0  0  0   0  0   2  2  2  0  1  0/0    20:26   0:00   4:51 
Eric Nystrom             0  1  1   0  0   0  1  0  0  0  0/0     8:24   0:01   0:56 
Hampus Lindholm          0  1  1   3  2   2  2  3  0  1  0/0    26:17   5:18   2:28 
Jake Guentzel            0  0  0   0  0   0  1  0  0  1  0/0    10:08   0:00   0:00 
John Klingberg           0  1  1   0  0   2  0  1  2  0  0/0    16:36   2:32   0:00 
Jordan Staal             0  2  2   2  0   3  3  1  1  1  13/32  21:21   4:54   2:31 
Kevin Shattenkirk        0  2  2   3  0   4  2  1  1  0  0/0    29:46   5:18   3:45 
Kyle Clifford            0  1  1   2  0   0  1  2  1  0  2/2    22:52   2:56   4:12 
Marc-Édouard Vlasic      0  0  0   1  2   2  3  2  0  0  0/0    12:51   2:32   0:00 
Mika Zibanejad           0  0  0   0  0   3  3  0  2  2  4/11   11:01   0:00   0:28 
Nate Thompson            0  0  0   0  0   1  1  1  0  0  3/4     7:27   0:00   0:00 
Patrick Kane             3  0  3   2  0   7  1  1  1  0  3/3    21:21   4:54   2:31 
Ryan Parent              0  0  0   1  0   1  1  0  0  2  0/0    14:13   0:00   4:48 
Taylor Hall              2  0  2   2  0   2  2  0  0  0  1/1    15:45   4:53   0:00 

3 Stars

1 - Patrick Kane (Tor)
2 - Taylor Hall (Tor)
3 - Kevin Shattenkirk (Tor)

Power Play

Coyotes - 0 on 4 Attempt(s) - 0.00%
Maple Leafs - 2 on 5 Attempt(s) - 40.00%

Penalty Kill

Coyotes - 3 on 5 Attempt(s) - 60.00% - Score 0 goal in Penalty Kill
Maple Leafs - 4 on 4 Attempt(s) - 100.00% - Score 0 goal in Penalty Kill

Team Stat

Coyotes - Hits : 18 - Faceoff Wins : 36 - Blocked Shots : 2 - Penalty Minutes : 10
Maple Leafs - Hits : 26 - Faceoff Wins : 35 - Blocked Shots : 16 - Penalty Minutes : 8

Official

Referees : Unknown
Linesman : Unknown

Game Notes

Maxime Daigneault enters game at 7:49 of 2nd period
Patrick Kane has scored a Hat Trick!

Finance

Level 1 -- Attendance: 4879 (81.32%) -- Ticket Income $536,690
Level 2 -- Attendance: 4593 (91.86%) -- Ticket Income $321,510
Level 3 -- Attendance: 1582 (79.10%) -- Ticket Income $72,772
Level 4 -- Attendance: 3438 (85.95%) -- Ticket Income $103,140
Luxury Box -- Attendance: 965 (96.50%) -- Ticket Income $173,700
Game was played at the Maple Leafs Garden.
Total Attendance: 15457 (85.87%)
Total Ticket Income: $1,207,812
Other Income: $181,172
Total Income: $1,388,984

Coyotes

5 vs 5 Forward 
   Center                   Left Wing                Right Wing               Time % Phy DF OF 
 1 Nazem Kadri              Tyler Ennis              Marian Gaborik           40     1   2  2  
 2 Brad Richards            Zach Parise              Chris Stewart            30     1   2  2  
 3 Jamie Arniel             Martin Samuelsson        Evgeny Artyukhin         20     1   2  2  
 4 Nick Bonino              Ramzi Abid               Marian Gaborik           10     1   2  2  

5 vs 5 Defense 
   Defense                  Defense                                           Time % Phy DF OF 
 1 Kristopher Letang        Anton Stralman                                    40     1   2  2  
 2 Josh Gorges              Michael Del Zotto                                 30     1   2  2  
 3 Matt Donovan             Thomas Hickey                                     20     1   2  2  
 4 Andrew MacDonald         Kristopher Letang                                 10     1   2  2  

PowerPlay Forward 
   Center                   Left Wing                Right Wing               Time % Phy DF OF 
 1 Nazem Kadri              Tyler Ennis              Marian Gaborik           60     1   2  2  
 2 Brad Richards            Zach Parise              Chris Stewart            40     1   2  2  

PowerPlay Defense
   Defense                  Defense                                           Time % Phy DF OF 
 1 Kristopher Letang        Anton Stralman                                    60     1   2  2  
 2 Josh Gorges              Michael Del Zotto                                 40     1   2  2  

Penalty Kill 4 Players Forward 
   Center                   Wing                     Time % Phy DF OF 
 1 Jamie Arniel             Martin Samuelsson        60     1   2  2  
 2 Brad Richards            Zach Parise              40     1   2  2  

Penalty Kill 4 Players Defense
   Defense                  Defense                  Time % Phy DF OF 
 1 Kristopher Letang        Anton Stralman           60     1   2  2  
 2 Josh Gorges              Michael Del Zotto        40     1   2  2  

Penalty Kill - 3 Players Forward 
   Forward                                           Time % Phy DF OF 
 1 Tyler Ennis                                       60     1   2  2  
 2 Marian Gaborik                                    40     1   2  2  

Penalty Kill - 3 Players Defense
   Defense                  Defense                  Time % Phy DF OF 
 1 Kristopher Letang        Anton Stralman           60     1   2  2  
 2 Josh Gorges              Michael Del Zotto        40     1   2  2  

4 vs 4 Forward 
   Center                   Wing                     Time % Phy DF OF 
 1 Tyler Ennis              Marian Gaborik           60     1   2  2  
 2 Zach Parise              Nazem Kadri              40     1   2  2  

4 vs 4 Defense
   Defense                  Defense                  Time % Phy DF OF 
 1 Kristopher Letang        Anton Stralman           60     1   2  2  
 2 Josh Gorges              Michael Del Zotto        40     1   2  2  

Last Minutes Offensive
   Center                   Left Wing                Right Wing               Defense                  Defense                  
   Nazem Kadri              Tyler Ennis              Marian Gaborik           Kristopher Letang        Anton Stralman           

Last Minutes Defensive
   Center                   Left Wing                Right Wing               Defense                  Defense                  
   Nazem Kadri              Tyler Ennis              Marian Gaborik           Kristopher Letang        Anton Stralman           

Goaltenders
Starting : Thomas McCollum          
Backup : Maxime Daigneault        

Extra Forwards
Normal : Jamie Arniel, Martin Samuelsson, Evgeny Artyukhin - PP : Jamie Arniel, Martin Samuelsson - PK : Evgeny Artyukhin
Extra Defensemen
Normal : Matt Donovan, Thomas Hickey, Andrew MacDonald - PP : Matt Donovan - PK : Thomas Hickey, Andrew MacDonald
Penalty Shots
Tyler Ennis, Marian Gaborik, Zach Parise, Nazem Kadri, Brad Richards

Scratches
Mike Weber (Healthy)

Maple Leafs

5 vs 5 Forward 
   Center                   Left Wing                Right Wing               Time % Phy DF OF 
 1 Jordan Staal             Kyle Clifford            Patrick Kane             40     1   1  3  
 2 Brayden Schenn           Taylor Hall              Ben Smith                30     1   2  2  
 3 Mika Zibanejad           Jake Guentzel            Beau Bennett             20     1   2  2  
 4 Nate Thompson            Eric Nystrom             Blake Comeau             10     1   3  1  

5 vs 5 Defense 
   Defense                  Defense                                           Time % Phy DF OF 
 1 Kevin Shattenkirk        Hampus Lindholm                                   40     1   2  2  
 2 John Klingberg           Braydon Coburn                                    30     1   2  2  
 3 Ryan Parent              Marc-Édouard Vlasic                               20     1   2  2  
 4 Kevin Shattenkirk        Braydon Coburn                                    10     1   2  2  

PowerPlay Forward 
   Center                   Left Wing                Right Wing               Time % Phy DF OF 
 1 Jordan Staal             Taylor Hall              Patrick Kane             60     0   1  4  
 2 Brayden Schenn           Kyle Clifford            Ben Smith                40     0   1  4  

PowerPlay Defense
   Defense                  Defense                                           Time % Phy DF OF 
 1 Kevin Shattenkirk        Hampus Lindholm                                   60     0   1  4  
 2 Marc-Édouard Vlasic      John Klingberg                                    40     0   1  4  

Penalty Kill 4 Players Forward 
   Center                   Wing                     Time % Phy DF OF 
 1 Brayden Schenn           Kyle Clifford            60     1   3  1  
 2 Jordan Staal             Patrick Kane             40     1   3  1  

Penalty Kill 4 Players Defense
   Defense                  Defense                  Time % Phy DF OF 
 1 Braydon Coburn           Ryan Parent              60     1   3  1  
 2 Kevin Shattenkirk        Hampus Lindholm          40     1   3  1  

Penalty Kill - 3 Players Forward 
   Forward                                           Time % Phy DF OF 
 1 Brayden Schenn                                    60     1   4  0  
 2 Taylor Hall                                       40     1   4  0  

Penalty Kill - 3 Players Defense
   Defense                  Defense                  Time % Phy DF OF 
 1 Braydon Coburn           Ryan Parent              60     1   4  0  
 2 Kevin Shattenkirk        Hampus Lindholm          40     1   4  0  

4 vs 4 Forward 
   Center                   Wing                     Time % Phy DF OF 
 1 Jordan Staal             Patrick Kane             60     1   2  2  
 2 Brayden Schenn           Taylor Hall              40     1   2  2  

4 vs 4 Defense
   Defense                  Defense                  Time % Phy DF OF 
 1 Kevin Shattenkirk        John Klingberg           60     1   2  2  
 2 Braydon Coburn           Ryan Parent              40     1   2  2  

Last Minutes Offensive
   Center                   Left Wing                Right Wing               Defense                  Defense                  
   Jordan Staal             Taylor Hall              Patrick Kane             Kevin Shattenkirk        Hampus Lindholm          

Last Minutes Defensive
   Center                   Left Wing                Right Wing               Defense                  Defense                  
   Jordan Staal             Eric Nystrom             Patrick Kane             Braydon Coburn           Ryan Parent              

Goaltenders
Starting : Tyler Weiman             
Backup : Marc-André Fleury        

Extra Forwards
Normal : Taylor Hall, Mika Zibanejad, Patrick Kane - PP : Brayden Schenn, Ben Smith - PK : Ben Smith
Extra Defensemen
Normal : Hampus Lindholm, Braydon Coburn, Kevin Shattenkirk - PP : John Klingberg - PK : Ryan Parent, Kevin Shattenkirk
Penalty Shots
Patrick Kane, Jordan Staal, Taylor Hall, Brayden Schenn, John Klingberg

Scratches
None


% Time on Ice - Coyotes

Lines # - Real PCT - Wanted PCT - Time Play
Normal Forward
1 - 37% - 40% - 16:28
2 - 30% - 30% - 13:26
3 - 22% - 20% - 9:40
4 - 11% - 10% - 4:40
Normal Defense
1 - 39% - 40% - 17:22
2 - 33% - 30% - 14:44
3 - 22% - 20% - 9:35
4 - 6% - 10% - 2:33
PP Forward
1 - 57% - 60% - 4:31
2 - 43% - 40% - 3:25
PP Defense
1 - 58% - 60% - 4:38
2 - 42% - 40% - 3:18
PK Forward
1 - 79% - 60% - 6:09
2 - 21% - 40% - 1:41
PK Defense
1 - 66% - 60% - 5:10
2 - 34% - 40% - 2:40
PK3 Forward
1 - 0% - 60%
2 - 0% - 40%
PK3 Defense
1 - 0% - 60%
2 - 0% - 40%
44 Forward
1 - 0% - 60%
2 - 0% - 40%
44 Defense
1 - 0% - 60%
2 - 0% - 40%
Last Minute Offensive  - 0:00
Last Minute Defensive  - 0:00
Total
Forward - 60:00
Defense - 60:00

% Time on Ice - Maple Leafs

Lines # - Real PCT - Wanted PCT - Time Play
Normal Forward
1 - 33% - 40% - 14:27
2 - 28% - 30% - 12:12
3 - 23% - 20% - 10:08
4 - 17% - 10% - 7:27
Normal Defense
1 - 41% - 40% - 18:16
2 - 32% - 30% - 14:12
3 - 22% - 20% - 9:42
4 - 5% - 10% - 2:04
PP Forward
1 - 63% - 60% - 4:54
2 - 37% - 40% - 2:56
PP Defense
1 - 68% - 60% - 5:18
2 - 32% - 40% - 2:32
PK Forward
1 - 68% - 60% - 5:25
2 - 32% - 40% - 2:31
PK Defense
1 - 53% - 60% - 4:11
2 - 47% - 40% - 3:45
PK3 Forward
1 - 0% - 60%
2 - 0% - 40%
PK3 Defense
1 - 0% - 60%
2 - 0% - 40%
44 Forward
1 - 0% - 60%
2 - 0% - 40%
44 Defense
1 - 0% - 60%
2 - 0% - 40%
Last Minute Offensive  - 0:00
Last Minute Defensive  - 0:00
Total
Forward - 60:00
Defense - 60:00

Play-by-Play

1st period


0:01 of 1st period - Nazem Kadri wins face-off versus Jordan Staal in neutral zone.
0:06 of 1st period - Snap shot by Nazem Kadri.
0:06 of 1st period - Stopped by Tyler Weiman without a rebound.
0:07 of 1st period - Jordan Staal wins face-off versus Nazem Kadri in Maple Leafs zone.
0:12 of 1st period - Marian Gaborik is hit by Jordan Staal and loses puck.
0:35 of 1st period - Wrist shot by Zach Parise.
0:35 of 1st period - Shot Blocked by Ben Smith.
0:55 of 1st period - Slapshot by Michael Del Zotto.
0:55 of 1st period - Stopped by Tyler Weiman without a rebound.
0:56 of 1st period - Nate Thompson wins face-off versus Jamie Arniel in Maple Leafs zone.
1:23 of 1st period - Michael Del Zotto is hit by Braydon Coburn and loses puck.
1:54 of 1st period - Wrist shot by Brad Richards.
1:54 of 1st period - Stopped by Tyler Weiman without a rebound.
1:55 of 1st period - Mika Zibanejad wins face-off versus Nazem Kadri in Maple Leafs zone.
2:01 of 1st period - Off-side.
2:02 of 1st period - Nazem Kadri wins face-off versus Mika Zibanejad in neutral zone.
2:37 of 1st period - Wrist shot by Brad Richards.
2:37 of 1st period - Shot Misses the Net.
2:39 of 1st period - Wrist shot by Zach Parise.
2:39 of 1st period - Shot Blocked by Kevin Shattenkirk.
2:41 of 1st period - Slapshot by Thomas Hickey.
2:41 of 1st period - Shot Blocked by Patrick Kane.
2:51 of 1st period - Evgeny Artyukhin is hit by Braydon Coburn and loses puck.
3:33 of 1st period - Off-side.
3:34 of 1st period - Brad Richards wins face-off versus Mika Zibanejad in neutral zone.
3:57 of 1st period - Josh Gorges is hit by Ryan Parent and loses puck.
4:13 of 1st period - Minor Penalty to Beau Bennett for Roughing.
4:14 of 1st period - Brayden Schenn wins face-off versus Nazem Kadri in Maple Leafs zone.
5:40 of 1st period - Ben Smith is hit by Marian Gaborik and loses puck.
6:13 of 1st period - Penalty to Beau Bennett is over, Beau Bennett is back on ice.
6:58 of 1st period - Slapshot by Braydon Coburn.
6:58 of 1st period - Stopped by Thomas McCollum with a rebound.
7:08 of 1st period - Braydon Coburn is hit by Thomas Hickey and loses puck.
7:21 of 1st period - Wrist shot by Taylor Hall.
7:21 of 1st period - Shot Misses the Net.
8:50 of 1st period - Wrist shot by Jordan Staal.
8:50 of 1st period - Stopped by Thomas McCollum with a rebound.
8:52 of 1st period - Wrist shot by Jordan Staal.
8:52 of 1st period - Stopped by Thomas McCollum without a rebound.
8:53 of 1st period - Nazem Kadri wins face-off versus Brayden Schenn in Coyotes zone.
8:53 of 1st period - Nazem Kadri is hit by Marc-Édouard Vlasic.
9:09 of 1st period - Slapshot by Marc-Édouard Vlasic.
9:09 of 1st period - Stopped by Thomas McCollum without a rebound.
9:10 of 1st period - Chris Stewart wins face-off versus Jordan Staal in Coyotes zone.
9:15 of 1st period - Jordan Staal is hit by Brad Richards and loses puck.
10:01 of 1st period - Snap shot by Blake Comeau.
10:01 of 1st period - Stopped by Thomas McCollum without a rebound.
10:02 of 1st period - Nate Thompson wins face-off versus Nazem Kadri in Coyotes zone.
10:19 of 1st period - Michael Del Zotto is hit by Nate Thompson and loses puck.
11:05 of 1st period - Slapshot by John Klingberg.
11:05 of 1st period - Stopped by Thomas McCollum with a rebound.
11:07 of 1st period - Slapshot by Braydon Coburn.
11:07 of 1st period - Deflect By Nate Thompson.
11:07 of 1st period - Stopped by Thomas McCollum without a rebound.
11:08 of 1st period - Brad Richards wins face-off versus Jordan Staal in Coyotes zone.
11:08 of 1st period - Brad Richards is hit by Patrick Kane.
11:16 of 1st period - Snap shot by Zach Parise.
11:16 of 1st period - Shot Hit the Post.
11:18 of 1st period - Snap shot by Kristopher Letang.
11:18 of 1st period - Stopped by Tyler Weiman without a rebound.
11:19 of 1st period - Jordan Staal wins face-off versus Brad Richards in Maple Leafs zone.
11:19 of 1st period - Jordan Staal is hit by Zach Parise.
11:26 of 1st period - Minor Penalty to Brad Richards for Cross-checking.
11:27 of 1st period - Jordan Staal wins face-off versus Jamie Arniel in Coyotes zone.
11:37 of 1st period - Snap shot by Jordan Staal.
11:37 of 1st period - Stopped by Thomas McCollum without a rebound.
11:38 of 1st period - Jordan Staal wins face-off versus Jamie Arniel in Coyotes zone.
11:45 of 1st period - Wrist shot by Patrick Kane.
11:45 of 1st period - Deflect By Taylor Hall.
11:45 of 1st period - Shot Misses the Net.
11:45 of 1st period - Puck is out of play.
11:46 of 1st period - Patrick Kane wins face-off versus Jamie Arniel in Coyotes zone.
11:47 of 1st period - Snap shot by Jordan Staal.
11:47 of 1st period - Shot Misses the Net.
11:57 of 1st period - Kristopher Letang is hit by Hampus Lindholm and loses puck.
12:52 of 1st period - Snap shot by Patrick Kane.
12:52 of 1st period - Shot Misses the Net.
13:02 of 1st period - Wrist shot by Michael Del Zotto.
13:02 of 1st period - Shot Misses the Net.
13:06 of 1st period - Snap shot by Zach Parise.
13:06 of 1st period - Stopped by Tyler Weiman with a rebound.
13:08 of 1st period - Slapshot by Michael Del Zotto.
13:08 of 1st period - Deflect By Zach Parise.
13:08 of 1st period - Shot Misses the Net.
13:08 of 1st period - Puck is out of play.
13:09 of 1st period - Jamie Arniel wins face-off versus Brayden Schenn in Maple Leafs zone.
13:10 of 1st period - Slapshot by Kristopher Letang.
13:10 of 1st period - Shot Blocked by Marc-Édouard Vlasic.
13:16 of 1st period - Wrist shot by Ben Smith.
13:16 of 1st period - Shot Misses the Net.
13:18 of 1st period - Slapshot by Brayden Schenn.
13:18 of 1st period - Goal by Brayden Schenn - Coyotes : 0 - Maple Leafs : 1.
13:19 of 1st period - Nazem Kadri wins face-off versus Mika Zibanejad in neutral zone.
14:11 of 1st period - Marc-Édouard Vlasic is hit by Martin Samuelsson and loses puck.
14:50 of 1st period - Slapshot by Kevin Shattenkirk.
14:50 of 1st period - Stopped by Thomas McCollum without a rebound.
14:51 of 1st period - Patrick Kane wins face-off versus Jamie Arniel in Coyotes zone.
15:16 of 1st period - Minor Penalty to Anton Stralman for Roughing.
15:17 of 1st period - Jordan Staal wins face-off versus Jamie Arniel in Coyotes zone.
15:42 of 1st period - Martin Samuelsson is hit by Hampus Lindholm and loses puck.
17:16 of 1st period - Penalty to Anton Stralman is over, Anton Stralman is back on ice.
17:27 of 1st period - Backhand shot by Tyler Ennis.
17:27 of 1st period - Shot Blocked by Marc-Édouard Vlasic.
17:29 of 1st period - Snap shot by Nazem Kadri.
17:29 of 1st period - Stopped by Tyler Weiman with a rebound.
17:35 of 1st period - Wrist shot by Marian Gaborik.
17:35 of 1st period - Deflect By Tyler Ennis.
17:35 of 1st period - Stopped by Tyler Weiman without a rebound.
17:36 of 1st period - Nate Thompson wins face-off versus Brad Richards in Maple Leafs zone.
18:01 of 1st period - Snap shot by Beau Bennett.
18:01 of 1st period - Goal by Beau Bennett - Coyotes : 0 - Maple Leafs : 2.
18:02 of 1st period - Jordan Staal wins face-off versus Nazem Kadri in neutral zone.
18:19 of 1st period - Snap shot by Patrick Kane.
18:19 of 1st period - Stopped by Thomas McCollum with a rebound.
18:35 of 1st period - Wrist shot by Patrick Kane.
18:35 of 1st period - Goal by Patrick Kane - Coyotes : 0 - Maple Leafs : 3.
18:36 of 1st period - Brayden Schenn wins face-off versus Nazem Kadri in neutral zone.
18:47 of 1st period - Wrist shot by Marian Gaborik.
18:47 of 1st period - Shot Blocked by Hampus Lindholm.
18:53 of 1st period - Snap shot by Tyler Ennis.
18:53 of 1st period - Deflect By Marian Gaborik.
18:53 of 1st period - Shot Blocked by Hampus Lindholm.
18:53 of 1st period - Puck is out of play.
18:54 of 1st period - Brad Richards wins face-off versus Jordan Staal in Maple Leafs zone.
19:47 of 1st period - Backhand shot by Tyler Ennis.
19:47 of 1st period - Stopped by Tyler Weiman without a rebound.
19:48 of 1st period - Mika Zibanejad wins face-off versus Jamie Arniel in Maple Leafs zone.
Goals for this period are 0 for Coyotes vs 3 for Maple Leafs.
Shots for this period are 8 for Coyotes vs 13 for Maple Leafs.

2nd period


0:01 of 2nd period - Nazem Kadri wins face-off versus Jordan Staal in neutral zone.
0:23 of 2nd period - Icing by Nazem Kadri.
0:24 of 2nd period - Taylor Hall wins face-off versus Brad Richards in Coyotes zone.
0:37 of 2nd period - Slapshot by Anton Stralman.
0:37 of 2nd period - Stopped by Tyler Weiman without a rebound.
0:38 of 2nd period - Nazem Kadri wins face-off versus Jordan Staal in Maple Leafs zone.
0:39 of 2nd period - Snap shot by Marian Gaborik.
0:39 of 2nd period - Shot Blocked by Kyle Clifford.
0:53 of 2nd period - Wrist shot by Patrick Kane.
0:53 of 2nd period - Stopped by Thomas McCollum without a rebound.
0:54 of 2nd period - Brad Richards wins face-off versus Brayden Schenn in Coyotes zone.
0:54 of 2nd period - Brad Richards is hit by Kevin Shattenkirk.
1:06 of 2nd period - Snap shot by Zach Parise.
1:06 of 2nd period - Stopped by Tyler Weiman without a rebound.
1:07 of 2nd period - Kyle Clifford wins face-off versus Nazem Kadri in Maple Leafs zone.
1:12 of 2nd period - Wrist shot by Marian Gaborik.
1:12 of 2nd period - Stopped by Tyler Weiman without a rebound.
1:13 of 2nd period - Nazem Kadri wins face-off versus Jordan Staal in Maple Leafs zone.
1:16 of 2nd period - Slapshot by Marian Gaborik.
1:16 of 2nd period - Stopped by Tyler Weiman with a rebound.
1:27 of 2nd period - Off-side.
1:28 of 2nd period - Brayden Schenn wins face-off versus Nazem Kadri in neutral zone.
1:41 of 2nd period - Snap shot by Marian Gaborik.
1:41 of 2nd period - Stopped by Tyler Weiman without a rebound.
1:42 of 2nd period - Jordan Staal wins face-off versus Nazem Kadri in Maple Leafs zone.
1:46 of 2nd period - Off-side.
1:47 of 2nd period - Tyler Ennis wins face-off versus Jordan Staal in neutral zone.
1:50 of 2nd period - Slapshot by Michael Del Zotto.
1:50 of 2nd period - Stopped by Tyler Weiman with a rebound.
1:52 of 2nd period - Snap shot by Nazem Kadri.
1:52 of 2nd period - Stopped by Tyler Weiman with a rebound.
1:54 of 2nd period - Wrist shot by Nazem Kadri.
1:54 of 2nd period - Stopped by Tyler Weiman with a rebound.
1:56 of 2nd period - Slapshot by Michael Del Zotto.
1:56 of 2nd period - Shot Blocked by Hampus Lindholm.
1:58 of 2nd period - Wrist shot by Marian Gaborik.
1:58 of 2nd period - Stopped by Tyler Weiman without a rebound.
1:59 of 2nd period - Nazem Kadri wins face-off versus Jordan Staal in Maple Leafs zone.
2:49 of 2nd period - Off-side.
2:50 of 2nd period - Brad Richards wins face-off versus Brayden Schenn in neutral zone.
3:03 of 2nd period - Wrist shot by Chris Stewart.
3:03 of 2nd period - Shot Misses the Net.
3:13 of 2nd period - Minor Penalty to Ben Smith for Hooking.
3:14 of 2nd period - Brayden Schenn wins face-off versus Nazem Kadri in Maple Leafs zone.
3:48 of 2nd period - Braydon Coburn is hit by Anton Stralman and loses puck.
4:25 of 2nd period - Snap shot by Mika Zibanejad.
4:25 of 2nd period - Stopped by Thomas McCollum with a rebound.
5:10 of 2nd period - Kevin Shattenkirk is hit by Zach Parise and loses puck.
5:13 of 2nd period - Penalty to Ben Smith is over, Ben Smith is back on ice.
5:28 of 2nd period - Martin Samuelsson is hit by Mika Zibanejad and loses puck.
6:00 of 2nd period - Slapshot by John Klingberg.
6:00 of 2nd period - Stopped by Thomas McCollum with a rebound.
6:03 of 2nd period - Icing by Evgeny Artyukhin.
6:04 of 2nd period - Brayden Schenn wins face-off versus Jamie Arniel in Coyotes zone.
6:47 of 2nd period - Slapshot by Beau Bennett.
6:47 of 2nd period - Shot Misses the Net.
6:59 of 2nd period - Brayden Schenn is hit by Marian Gaborik and loses puck.
7:16 of 2nd period - Hampus Lindholm is hit by Evgeny Artyukhin and loses puck.
7:39 of 2nd period - Slapshot by Kevin Shattenkirk.
7:39 of 2nd period - Stopped by Thomas McCollum with a rebound.
7:45 of 2nd period - Minor Penalty to Brad Richards for Holding.
7:46 of 2nd period - Jordan Staal wins face-off versus Jamie Arniel in Coyotes zone.
7:49 of 2nd period - Slapshot by Patrick Kane.
7:49 of 2nd period - Goal by Patrick Kane - Coyotes : 0 - Maple Leafs : 4.
7:49 of 2nd period - Maxime Daigneault enters game.
7:50 of 2nd period - Jordan Staal wins face-off versus Nazem Kadri in neutral zone.
8:24 of 2nd period - Wrist shot by Taylor Hall.
8:24 of 2nd period - Goal by Taylor Hall - Coyotes : 0 - Maple Leafs : 5.
8:25 of 2nd period - Nazem Kadri wins face-off versus Jordan Staal in neutral zone.
8:40 of 2nd period - Snap shot by Patrick Kane.
8:40 of 2nd period - Goal by Patrick Kane - Coyotes : 0 - Maple Leafs : 6.
8:41 of 2nd period - Jordan Staal wins face-off versus Nazem Kadri in neutral zone.
9:08 of 2nd period - Patrick Kane is hit by Evgeny Artyukhin and loses puck.
10:12 of 2nd period - Mika Zibanejad is hit by Nazem Kadri and loses puck.
10:29 of 2nd period - Snap shot by Beau Bennett.
10:29 of 2nd period - Shot Misses the Net.
10:31 of 2nd period - Backhand shot by Braydon Coburn.
10:31 of 2nd period - Stopped by Maxime Daigneault with a rebound.
10:33 of 2nd period - Wrist shot by Beau Bennett.
10:33 of 2nd period - Shot Misses the Net.
10:37 of 2nd period - Wrist shot by Mika Zibanejad.
10:37 of 2nd period - Stopped by Maxime Daigneault with a rebound.
10:39 of 2nd period - Wrist shot by Jake Guentzel.
10:39 of 2nd period - Shot Misses the Net.
10:41 of 2nd period - Backhand shot by Marc-Édouard Vlasic.
10:41 of 2nd period - Stopped by Maxime Daigneault without a rebound.
10:42 of 2nd period - Brayden Schenn wins face-off versus Brad Richards in Coyotes zone.
10:43 of 2nd period - Slapshot by Ben Smith.
10:43 of 2nd period - Stopped by Maxime Daigneault without a rebound.
10:44 of 2nd period - Brad Richards wins face-off versus Brayden Schenn in Coyotes zone.
11:02 of 2nd period - Icing by Kristopher Letang.
11:03 of 2nd period - Brad Richards wins face-off versus Jordan Staal in Coyotes zone.
11:09 of 2nd period - Off-side.
11:10 of 2nd period - Nazem Kadri wins face-off versus Jordan Staal in neutral zone.
11:40 of 2nd period - Snap shot by Jamie Arniel.
11:40 of 2nd period - Shot Blocked by Braydon Coburn.
11:42 of 2nd period - Slapshot by Kristopher Letang.
11:42 of 2nd period - Shot Misses the Net.
11:44 of 2nd period - Snap shot by Martin Samuelsson.
11:44 of 2nd period - Deflect By John Klingberg.
11:44 of 2nd period - Shot Misses the Net.
11:44 of 2nd period - Puck is out of play.
11:45 of 2nd period - Jamie Arniel wins face-off versus Ben Smith in Maple Leafs zone.
11:48 of 2nd period - Snap shot by Jamie Arniel.
11:48 of 2nd period - Deflect By Martin Samuelsson.
11:48 of 2nd period - Stopped by Tyler Weiman with a rebound.
11:50 of 2nd period - Snap shot by Anton Stralman.
11:50 of 2nd period - Shot Misses the Net.
11:52 of 2nd period - Slapshot by Kristopher Letang.
11:52 of 2nd period - Shot Blocked by Brayden Schenn.
12:05 of 2nd period - Minor Penalty to Jamie Arniel for Hooking.
12:06 of 2nd period - Evgeny Artyukhin wins face-off versus Jordan Staal in Coyotes zone.
12:06 of 2nd period - Evgeny Artyukhin is hit by Taylor Hall.
12:17 of 2nd period - Martin Samuelsson is hit by Taylor Hall and loses puck.
12:39 of 2nd period - Slapshot by Hampus Lindholm.
12:39 of 2nd period - Stopped by Maxime Daigneault with a rebound.
12:59 of 2nd period - Off-side.
13:00 of 2nd period - Brad Richards wins face-off versus Brayden Schenn in neutral zone.
13:27 of 2nd period - Josh Gorges is hit by Brayden Schenn.
14:05 of 2nd period - Penalty to Jamie Arniel is over, Jamie Arniel is back on ice.
14:14 of 2nd period - Anton Stralman is hit by Kyle Clifford and loses puck.
14:35 of 2nd period - Slapshot by Anton Stralman.
14:35 of 2nd period - Shot Misses the Net.
15:16 of 2nd period - Slapshot by Kevin Shattenkirk.
15:16 of 2nd period - Deflect By Jamie Arniel.
15:16 of 2nd period - Stopped by Maxime Daigneault with a rebound.
15:41 of 2nd period - Wrist shot by Kyle Clifford.
15:41 of 2nd period - Shot Misses the Net.
15:43 of 2nd period - Slapshot by Hampus Lindholm.
15:43 of 2nd period - Stopped by Maxime Daigneault with a rebound.
15:45 of 2nd period - Slapshot by Kevin Shattenkirk.
15:45 of 2nd period - Deflect By Brayden Schenn.
15:45 of 2nd period - Shot Misses the Net.
15:45 of 2nd period - Puck is out of play.
15:46 of 2nd period - Brad Richards wins face-off versus Mika Zibanejad in Coyotes zone.
15:59 of 2nd period - Snap shot by Chris Stewart.
15:59 of 2nd period - Shot Misses the Net.
16:05 of 2nd period - Zach Parise is hit by Mika Zibanejad and loses puck.
16:16 of 2nd period - Snap shot by Nazem Kadri.
16:16 of 2nd period - Shot Blocked by Nate Thompson.
16:47 of 2nd period - Icing by Michael Del Zotto.
16:48 of 2nd period - Mika Zibanejad wins face-off versus Brad Richards in Coyotes zone.
17:05 of 2nd period - Wrist shot by Nazem Kadri.
17:05 of 2nd period - Shot Misses the Net.
17:07 of 2nd period - Slapshot by Josh Gorges.
17:07 of 2nd period - Shot Misses the Net.
17:09 of 2nd period - Slapshot by Nazem Kadri.
17:09 of 2nd period - Deflect By Marian Gaborik.
17:09 of 2nd period - Shot Misses the Net.
17:09 of 2nd period - Puck is out of play.
17:10 of 2nd period - Brad Richards wins face-off versus Mika Zibanejad in Maple Leafs zone.
17:13 of 2nd period - Slapshot by Zach Parise.
17:13 of 2nd period - Shot Misses the Net.
17:15 of 2nd period - Snap shot by Matt Donovan.
17:15 of 2nd period - Stopped by Tyler Weiman with a rebound.
17:56 of 2nd period - Marian Gaborik is hit by Beau Bennett and loses puck.
18:09 of 2nd period - Ryan Parent is hit by Brad Richards and loses puck.
18:51 of 2nd period - Snap shot by Jamie Arniel.
18:51 of 2nd period - Stopped by Tyler Weiman without a rebound.
18:52 of 2nd period - Nick Bonino wins face-off versus Jordan Staal in Maple Leafs zone.
19:21 of 2nd period - Icing by Kristopher Letang.
19:22 of 2nd period - Mika Zibanejad wins face-off versus Brad Richards in Coyotes zone.
Goals for this period are 0 for Coyotes vs 3 for Maple Leafs.
Shots for this period are 12 for Coyotes vs 14 for Maple Leafs.

3rd period


0:01 of 3rd period - Nazem Kadri wins face-off versus Jordan Staal in neutral zone.
0:04 of 3rd period - Slapshot by Anton Stralman.
0:04 of 3rd period - Shot Blocked by Kyle Clifford.
0:06 of 3rd period - Wrist shot by Tyler Ennis.
0:06 of 3rd period - Shot Blocked by Braydon Coburn.
0:08 of 3rd period - Wrist shot by Anton Stralman.
0:08 of 3rd period - Stopped by Tyler Weiman with a rebound.
0:10 of 3rd period - Snap shot by Marian Gaborik.
0:10 of 3rd period - Shot Misses the Net.
0:14 of 3rd period - Wrist shot by Tyler Ennis.
0:14 of 3rd period - Stopped by Tyler Weiman with a rebound.
0:42 of 3rd period - Snap shot by Brayden Schenn.
0:42 of 3rd period - Stopped by Maxime Daigneault with a rebound.
1:20 of 3rd period - Off-side.
1:21 of 3rd period - Jordan Staal wins face-off versus Nazem Kadri in neutral zone.
1:48 of 3rd period - Tyler Ennis is hit by Jake Guentzel and loses puck.
1:53 of 3rd period - Wrist shot by Mika Zibanejad.
1:53 of 3rd period - Stopped by Maxime Daigneault without a rebound.
1:54 of 3rd period - Jamie Arniel wins face-off versus Mika Zibanejad in Coyotes zone.
1:59 of 3rd period - Slapshot by Matt Donovan.
1:59 of 3rd period - Stopped by Tyler Weiman with a rebound.
2:01 of 3rd period - Backhand shot by Martin Samuelsson.
2:01 of 3rd period - Goal by Martin Samuelsson - Coyotes : 1 - Maple Leafs : 6.
2:02 of 3rd period - Patrick Kane wins face-off versus Nazem Kadri in neutral zone.
2:17 of 3rd period - Snap shot by Marian Gaborik.
2:17 of 3rd period - Shot Blocked by Jordan Staal.
2:31 of 3rd period - Snap shot by Jamie Arniel.
2:31 of 3rd period - Stopped by Tyler Weiman with a rebound.
2:38 of 3rd period - Off-side.
2:39 of 3rd period - Nazem Kadri wins face-off versus Jordan Staal in neutral zone.
2:42 of 3rd period - John Klingberg is hit by Marian Gaborik.
3:56 of 3rd period - Slapshot by Matt Donovan.
3:56 of 3rd period - Shot Blocked by John Klingberg.
4:10 of 3rd period - Icing by John Klingberg.
4:11 of 3rd period - Brad Richards wins face-off versus Nate Thompson in Maple Leafs zone.
4:34 of 3rd period - Hampus Lindholm is hit by Chris Stewart and loses puck.
4:45 of 3rd period - Snap shot by Ben Smith.
4:45 of 3rd period - Stopped by Maxime Daigneault without a rebound.
4:46 of 3rd period - Nazem Kadri wins face-off versus Jordan Staal in Coyotes zone.
4:46 of 3rd period - Nazem Kadri is hit by Jordan Staal.
5:12 of 3rd period - Michael Del Zotto is hit by Marc-Édouard Vlasic and loses puck.
5:32 of 3rd period - Off-side.
5:33 of 3rd period - Brad Richards wins face-off versus Mika Zibanejad in neutral zone.
5:46 of 3rd period - Snap shot by Mika Zibanejad.
5:46 of 3rd period - Shot Misses the Net.
5:48 of 3rd period - Slapshot by Beau Bennett.
5:48 of 3rd period - Stopped by Maxime Daigneault with a rebound.
6:04 of 3rd period - Off-side.
6:05 of 3rd period - Kyle Clifford wins face-off versus Nazem Kadri in neutral zone.
6:08 of 3rd period - Slapshot by Patrick Kane.
6:08 of 3rd period - Stopped by Maxime Daigneault with a rebound.
6:10 of 3rd period - Snap shot by Patrick Kane.
6:10 of 3rd period - Shot Misses the Net.
6:12 of 3rd period - Slapshot by Kevin Shattenkirk.
6:12 of 3rd period - Stopped by Maxime Daigneault with a rebound.
6:29 of 3rd period - Icing by Josh Gorges.
6:30 of 3rd period - Brayden Schenn wins face-off versus Jamie Arniel in Coyotes zone.
6:37 of 3rd period - Snap shot by Taylor Hall.
6:37 of 3rd period - Shot Blocked by Josh Gorges.
6:39 of 3rd period - Slapshot by Ryan Parent.
6:39 of 3rd period - Stopped by Maxime Daigneault with a rebound.
6:41 of 3rd period - Slapshot by Brayden Schenn.
6:41 of 3rd period - Shot Misses the Net.
6:43 of 3rd period - Wrist shot by Taylor Hall.
6:43 of 3rd period - Shot Blocked by Jamie Arniel.
6:45 of 3rd period - Wrist shot by Ben Smith.
6:45 of 3rd period - Stopped by Maxime Daigneault with a rebound.
6:57 of 3rd period - Josh Gorges is hit by Mika Zibanejad and loses puck.
7:08 of 3rd period - Slapshot by Kevin Shattenkirk.
7:08 of 3rd period - Shot Misses the Net.
7:14 of 3rd period - Wrist shot by Evgeny Artyukhin.
7:14 of 3rd period - Stopped by Tyler Weiman with a rebound.
7:20 of 3rd period - Snap shot by Kyle Clifford.
7:20 of 3rd period - Shot Misses the Net.
9:57 of 3rd period - Snap shot by Beau Bennett.
9:57 of 3rd period - Shot Misses the Net.
11:00 of 3rd period - Snap shot by Taylor Hall.
11:00 of 3rd period - Goal by Taylor Hall - Coyotes : 1 - Maple Leafs : 7.
11:01 of 3rd period - Jordan Staal wins face-off versus Brad Richards in neutral zone.
11:38 of 3rd period - Icing by Ryan Parent.
11:39 of 3rd period - Brayden Schenn wins face-off versus Jamie Arniel in Maple Leafs zone.
11:39 of 3rd period - Brayden Schenn is hit by Martin Samuelsson.
12:01 of 3rd period - Minor Penalty to Marc-Édouard Vlasic for Tripping.
12:02 of 3rd period - Nazem Kadri wins face-off versus Brayden Schenn in Maple Leafs zone.
12:29 of 3rd period - Ryan Parent is hit by Zach Parise and loses puck.
13:48 of 3rd period - Marian Gaborik is hit by Jordan Staal and loses puck.
14:01 of 3rd period - Penalty to Marc-Édouard Vlasic is over, Marc-Édouard Vlasic is back on ice.
14:06 of 3rd period - Kristopher Letang is hit by Beau Bennett and loses puck.
14:17 of 3rd period - Snap shot by Beau Bennett.
14:17 of 3rd period - Shot Misses the Net.
14:33 of 3rd period - Jamie Arniel is hit by Eric Nystrom and loses puck.
14:42 of 3rd period - Snap shot by Martin Samuelsson.
14:42 of 3rd period - Stopped by Tyler Weiman without a rebound.
14:43 of 3rd period - Ben Smith wins face-off versus Jamie Arniel in Maple Leafs zone.
14:43 of 3rd period - Ben Smith is hit by Martin Samuelsson.
15:09 of 3rd period - Marian Gaborik is hit by Marc-Édouard Vlasic and loses puck.
15:26 of 3rd period - Slapshot by Patrick Kane.
15:26 of 3rd period - Stopped by Maxime Daigneault without a rebound.
15:27 of 3rd period - Jamie Arniel wins face-off versus Jordan Staal in Coyotes zone.
15:38 of 3rd period - Slapshot by Evgeny Artyukhin.
15:38 of 3rd period - Shot Misses the Net.
15:44 of 3rd period - Minor Penalty to Hampus Lindholm for Interference.
15:45 of 3rd period - Nazem Kadri wins face-off versus Brayden Schenn in Maple Leafs zone.
17:18 of 3rd period - Ryan Parent is hit by Nazem Kadri and loses puck.
17:29 of 3rd period - Snap shot by Jordan Staal.
17:29 of 3rd period - Deflect By Anton Stralman.
17:29 of 3rd period - Shot Misses the Net.
17:29 of 3rd period - Puck is out of play.
17:30 of 3rd period - Jordan Staal wins face-off versus Nazem Kadri in Coyotes zone.
17:44 of 3rd period - Penalty to Hampus Lindholm is over, Hampus Lindholm is back on ice.
18:03 of 3rd period - Minor Penalty to Evgeny Artyukhin for Interference.
18:04 of 3rd period - Jamie Arniel wins face-off versus Jordan Staal in Coyotes zone.
18:16 of 3rd period - Snap shot by Patrick Kane.
18:16 of 3rd period - Shot Misses the Net.
18:26 of 3rd period - Martin Samuelsson is hit by Kevin Shattenkirk and loses puck.
Goals for this period are 1 for Coyotes vs 1 for Maple Leafs.
Shots for this period are 7 for Coyotes vs 10 for Maple Leafs.